 Dungeon Crawl Stone Soup version 0.16-a0-3458-g6d2551d (webtiles) character file.

4992 NewYearsCrawler the Cleaver (level 10, -11/63 HPs)
             Began as a Formicid Fighter on Jan 2, 2015.
             Was a High Priest of Okawaru.
             Mangled by a hill giant
             ... wielding a +0 giant club
              (37 damage)
             ... on level 9 of the Dungeon.
             The game lasted 00:13:51 (9417 turns).

NewYearsCrawler the Cleaver (Formicid Fighter)      Turns: 9417, Time: 00:13:51

Health: -11/63     AC: 13    Str: 29    XL:     10   Next: 83%
Magic:  13/13      EV:  7    Int:  8    God:    Okawaru [*****.]
Gold:   434        SH: 12    Dex: 10    Spells: 0 memorised, 9 levels left

rFire  + . .     SeeInvis +     z - +2 battleaxe (chop)
rCold  . . .     Clarity  .     k - +1 plate armour
rNeg   . . .     SustAb   .     c - +0 shield
rPois  .         Gourm    .     (helmet unavailable)
rElec  .         Spirit   .     i - +0 cloak
rCorr  .         Warding  .     (no gloves)
rMut   .         Stasis   +     (no boots)
MR     ++...                    C - amulet of faith
Stlth  ..........               h - ring of protection from magic
                                g - ring of protection from fire

@: mighty, very resistant to hostile enchantments, extremely unstealthy
A: permanent stasis, dig shafts and tunnels, four strong arms, antennae 3, frail
1
a: Dig, Shaft Self, Heroism, Renounce Religion


You were on level 9 of the Dungeon.
You worshipped Okawaru.
Okawaru was extremely pleased with you.
You were very hungry.

You visited 1 branch of the dungeon, and saw 9 of its levels.

You collected 514 gold pieces.
You spent 80 gold pieces at shops.

Inventory:

Hand weapons
 a - a +0 war axe
 z - a +2 battleaxe of chopping (weapon)
Missiles
 D - 5 tomahawks (quivered)
Armour
 c - a +0 shield (worn)
 i - a +0 cloak (worn)
 k - a +1 plate armour (worn)
Rods
 G - a +1 rod of destruction (9/9)
   (You found it on level 8 of the Dungeon)
Jewellery
 g - a ring of protection from fire (left hand)
 h - a ring of protection from magic (right hand)
 n - an uncursed amulet of resist mutation
 t - an uncursed amulet of guardian spirit
 C - an amulet of faith (around neck)
Magical devices
 b - a wand of flame (37)
 s - a wand of confusion (36)
 u - a wand of slowing (30)
 x - a wand of frost (36)
Scrolls
 f - 2 scrolls of amnesia
 m - 13 scrolls of identify
 q - 2 scrolls of remove curse
 v - 2 scrolls of enchant armour
 y - a scroll of enchant weapon
 E - a scroll of random uselessness
Potions
 e - a potion of might
 j - a potion of cancellation
 p - a potion of brilliance
 r - 2 potions of curing
Comestibles
 d - 11 bread rations
 o - 3 fruits
 w - 2 slices of pizza
 A - a royal jelly
 B - 3 meat rations
 H - a beef jerky


   Skills:
 - Level 3.2 Fighting
 + Level 13.4 Axes
 - Level 3.2 Armour
 + Level 8.8 Shields


You had 9 spell levels left.
You didn't know any spells.

Dungeon Overview and Level Annotations

Branches:
Dungeon (9/15)             Temple (0/1) D:5            Lair (0/8) D:9
    Orc: D:9-12

Altars:
Cheibriados
Okawaru
Ru
Yredelemnul

Shops:
D:9 =%


Innate Abilities, Weirdness & Mutations

You are under a permanent stasis effect.
You can dig through walls and to a lower floor.
Your four strong arms can wield two-handed weapons with a shield.
You have a pair of large antennae on your head (SInv).
You are frail (-10% HP).


Message History

You block the wyvern's attack.
The hill giant hits you with a giant club.
You block the wyvern's attack.
You slice the hill giant!!
The hill giant is heavily wounded.
You slash the wyvern!
You kill the wyvern!
Okawaru accepts your kill.
The hill giant hits you with a giant club!
Your plate armour prevents you from hitting the hill giant.
The hill giant is heavily wounded.
You are feeling very hungry.
The hill giant hits you with a giant club.
You slash the hill giant!
The hill giant is severely wounded.
Your plate armour prevents you from hitting the hill giant.
The hill giant is severely wounded.
The hill giant hits you with a giant club!!!
Ouch! That really hurt!
You die...

#...##...###.####(# #)...
#.......## ##.###.#####
#..).
#...##...###..........#
#....
##.####.#.#.#####.###.#
#(... #.# #.......>...# #.#
#)#.. #)## ####.######## #.#
#.### #..#
#.##########.###(# ##.#
#.#.C.......<....# #.#
#.#@########.##### #.# #.#†#
###.# #.# #.#.# #...# #.#
#.#.######.### #.#
#.......∩...##
##.######...?........#######
#..........#####............
##.##............#...#######
#.##...................####


You could see a hill giant.

Vanquished Creatures
  A two-headed ogre (D:9)
  Eustachio (D:8)
  5 yaks (D:7)
  A wyvern (D:9)
  2 water moccasins
  3 orc warriors
  4 ice beasts
  A black bear (D:7)
  4 ogres
  A sky beast (D:5)
  2 phantoms (D:7)
  Sigmund (D:3)
  A crocodile (D:9)
  5 giant frogs
  2 centaurs (D:9)
  Blork the orc (D:6)
  4 scorpions
  4 killer bees (D:9)
  A jelly (D:8)
  3 crimson imps
  4 hounds
  An iron imp (D:8)
  A goliath beetle (D:6)
  A giant frog skeleton (D:4)
  4 orc priests
  8 orc wizards
  4 worker ants
  5 iguanas
  Ijyb (D:2)
  2 hound skeletons
  A hound zombie (D:6)
  A worker ant zombie (D:7)
  A river rat (D:8)
  10 adders
  4 shadow imps
  2 worms (D:2)
  An adder skeleton (D:8)
  8 giant geckos
  29 orcs
  A bat zombie (D:5)
  7 hobgoblins
  4 oozes
  5 quokkas
  2 ball pythons (D:1)
  14 bats
  6 giant cockroaches
  A giant gecko zombie (D:8)
  5 giant newts
  13 goblins
  15 jackals
  18 kobolds
  19 rats
245 creatures vanquished.

Notes
Turn   | Place    | Note
--------------------------------------------------------------
     0 | D:1      | NewYearsCrawler, the Formicid Fighter, began the quest for the Orb.
     0 | D:1      | Reached XP level 1. HP: 18/18 MP: 1/1
   177 | D:1      | Reached XP level 2. HP: 20/24 MP: 3/3
   435 | D:1      | Reached XP level 3. HP: 19/29 MP: 4/4
   887 | D:2      | Reached skill level 4 in Axes
   887 | D:2      | Reached XP level 4. HP: 32/35 MP: 5/5
   982 | D:2      | Noticed Ijyb
  1007 | D:2      | Killed Ijyb
  1137 | D:2      | Reached XP level 5. HP: 24/41 MP: 7/7
  1254 | D:2      | Found an iron altar of Okawaru.
  1265 | D:2      | Became a worshipper of Warmaster Okawaru
  1376 | D:2      | Reached skill level 5 in Axes
  1701 | D:3      | Found a basalt altar of Yredelemnul.
  1823 | D:3      | Noticed Sigmund
  1851 | D:3      | Killed Sigmund
  1851 | D:3      | Reached XP level 6. HP: 19/47 MP: 4/8
  2121 | D:3      | Reached skill level 6 in Axes
  2918 | D:4      | Reached XP level 7. HP: 46/52 MP: 9/9
  3493 | D:5      | Entered Level 5 of the Dungeon
  3508 | D:5      | Reached skill level 7 in Axes
  3720 | D:5      | Found a sacrificial altar of Ru.
  3878 | D:5      | Reached skill level 8 in Axes
  4060 | D:5      | Reached XP level 8. HP: 46/58 MP: 9/11
  4222 | D:5      | Acquired Okawaru's first power
  4238 | D:5      | Found a staircase to the Ecumenical Temple.
  4338 | D:5      | Reached skill level 9 in Axes
  4346 | D:5      | Gained mutation: You are frail (-10% HP). [mutagenic meat]
  4913 | D:6      | Found a sacrificial altar of Ru.
  4916 | D:6      | Found a snail-covered altar of Cheibriados.
  5216 | D:6      | Noticed Blork the orc
  5234 | D:6      | Killed Blork the orc
  5499 | D:6      | Reached skill level 5 in Shields
  5600 | D:6      | Reached skill level 10 in Axes
  5607 | D:6      | Reached XP level 9. HP: 38/57 MP: 12/12
  6336 | D:7      | Reached skill level 11 in Axes
  6628 | D:7      | Reached XP level 10. HP: 42/63 MP: 13/13
  6730 | D:7      | Reached skill level 12 in Axes
  8031 | D:8      | Identified a +1 rod of destruction (9/9) (You found it on level 8 of the Dungeon)
  8149 | D:8      | Noticed Eustachio
  8164 | D:8      | Killed Eustachio
  8692 | D:9      | Reached skill level 13 in Axes
  8746 | D:9      | Found Mieme's Jewellery Boutique.
  8968 | D:9      | Found Tois' Food Shoppe.
  8976 | D:9      | Bought a slice of pizza for 15 gold pieces
  8976 | D:9      | Bought a beef jerky for 15 gold pieces
  8976 | D:9      | Bought a meat ration for 50 gold pieces
  9318 | D:9      | Found a staircase to the Lair.
  9365 | D:9      | Noticed a hill giant
  9367 | D:9      | Acquired Okawaru's second power
  9417 | D:9      | Mangled by a hill giant

Action                   |  1- 3 |  4- 6 |  7- 9 | 10-12 || total
-------------------------+-------+-------+-------+-------++-------
Melee: War axe           |    82 |   192 |   430 |   167 ||   871
       Battleaxe         |       |       |       |   117 ||   117
Invok: Heroism           |       |       |     1 |       ||     1
 Abil: Dig               |       |       |     1 |       ||     1
Evoke: Rod               |       |       |       |     1 ||     1
  Use: Potion            |       |       |    10 |     5 ||    15
       Scroll            |       |       |     8 |     2 ||    10
  Eat: Chunk             |       |     7 |    14 |     8 ||    29
